 Dungeon Crawl Stone Soup version 0.23.1 (webtiles) character file.

Game seed: 6765013425130658660

315 Borgoz the Sneak (level 6, -3/45 HPs)
             Began as a Ghoul Enchanter on Mar 10, 2019.
             Slain by a worker ant (5 damage)
             ... on level 5 of the Dungeon.
             The game lasted 00:08:03 (4054 turns).

Borgoz the Sneak (Ghoul Enchanter)                  Turns: 4054, Time: 00:08:03

Health: -3/45      AC:  4    Str: 22 (23) XL:     6   Next: 44%
Magic:  3/16       EV: 13    Int:  8 (10) God:
Gold:   228        SH:  0    Dex: 14      Spells: 2/8 levels left

rFire    . . .     SeeInvis .   k - +0 rapier
rCold    + . .     Gourm    .   (no shield)
rNeg     + + +     Faith    .   j - +1 robe "Ozxeit" {+Blink MR++ Str+6} (curse)
rPois    ∞         Spirit   .   (no helmet)
rElec    .         Reflect  .   (no cloak)
rCorr    .         Harm     .   (no gloves)
MR       ++...                  o - +0 pair of boots
Stlth    +++.......             (no amulet)
HPRegen  0.00/turn              n - ring of magical power
MPRegen  0.15/turn              s - +3 ring of dexterity

@: mighty, very slightly contaminated, rotting
A: rotting body, claws 1, carnivore, cold resistance 1, negative energy
resistance 3, inhibited regeneration, torment resistance, unbreathing
a: Evoke Blink


You were on level 5 of the Dungeon.
You were not hungry.

You visited 1 branch of the dungeon, and saw 5 of its levels.

You collected 228 gold pieces.

Inventory:

Hand Weapons
 k - a +0 rapier (weapon)
Missiles
 c - 8 javelins (quivered)
 l - 18 poisoned needles
Armour
 j - the cursed +1 robe "Ozxeit" (worn) {+Blink MR++ Str+6}
   (You found it on level 4 of the Dungeon)

   It affects your strength (+6).
   It affects your resistance to hostile enchantments.
   It lets you blink.
   It has a curse placed upon it.
 o - a +0 pair of boots (worn)
Jewellery
 n - a ring of magical power (left claw)
 s - a +3 ring of dexterity (right claw)
Scrolls
 g - 3 scrolls of teleportation
 i - 5 scrolls of amnesia
 p - 3 scrolls of remove curse {unknown}
 r - a scroll of fog {unknown}
Potions
 e - a potion of magic
 m - 2 potions of lignification
Comestibles
 a - a chunk of flesh
 d - 9 rations


   Skills:
 * Level 3.2 Short Blades
 + Level 0.2 Armour
 + Level 2.7 Dodging
 + Level 4.5 Stealth
 + Level 1.8 Spellcasting
 * Level 3.8 Hexes
 + Level 0.4 Evocations


You had 2 spell levels left.
You knew the following spells:

 Your Spells              Type           Power        Failure   Level  Hunger
a - Corona                Hex            #......      8%          1    ##.....
b - Ensorcelled Hibernat  Hex/Ice        #.....       26%         2    ###....
c - Confuse               Hex            #.......     22%         3    ####...

Your spell library contained the following spells:

 Spells                   Type           Power        Failure   Level  Hunger
 Tukima's Dance           Hex            #.......     22%         3    ####...
 Dazzling Spray           Conj/Hex       #.....       45%         3    ####...


Dungeon Overview and Level Annotations

Branches:
Dungeon (5/15)             Temple (0/1) D:5

Altars:
Cheibriados
Okawaru

Shops:
D:4 :


Innate Abilities, Weirdness & Mutations

Your body is rotting away.
You thrive on raw meat.
You are immune to poison.
You have sharp fingernails.
You are carnivorous and can eat meat at any time.
Your flesh is cold resistant. (rC+)
You are immune to negative energy. (rN+++)
You do not regenerate when monsters are visible.
You are immune to unholy pain and torment.
You can survive without breathing.


Message History

The adder bites you but does no damage. The worker ant bites you.
* * * LOW HITPOINT WARNING * * *
You puncture the adder!
The adder is almost dead.
The adder bites you but does no damage.
The worker ant bites you but does no damage.
You barely miss the adder.
The adder is almost dead.
The adder closely misses you. The worker ant barely misses you.
The adder bites you but does no damage.
You puncture the adder!
You kill the adder!
You feel your dexterity returning. The worker ant bites you.
* * * LOW HITPOINT WARNING * * *
The worker ant misses you.
You hit the worker ant.
The worker ant is severely wounded.
The worker ant bites you.
You die...

,,,,,,,,,,*##.....,,,,,,,,,,,*,,,
,****,,,,,,......,,,,..,,,,*****,
,* *,***,*#..S.#***#.#***,,,*,,,
,* *,* *,##...s# #.# ***,*,,* **
*,* *,,.....# #.# *,,,*,
***,######%...# #.# **,***
*,,,.......a..# #.# **,*,
*,*,****##).#######.#######*,,,
**,*,* #...aa@............,,,,
**,,,,* #...#######÷.#####**,,,
*,,*,,* #^...........# **,*
,,***,* #............# *,*
*,,*,,* #.#.#######..## *,*
**,,,,* #.#...........# *,*
****,* #.#########.#.# *,*
*,*****,*########.#.#######,*
*,,,,,,,,.......<..........,,


You could see 2 worker ants.

Vanquished Creatures
  A bullfrog (D:4)
  A hound (D:5)
  An orc wizard (D:4)
  Jessica (D:2)
  8 adders
  An adder skeleton (D:4)
  3 worms
  2 leopard geckos
  11 orcs
  3 giant cockroaches
  6 goblins
  7 hobgoblins
  2 jackals (D:2)
  5 ball pythons
  7 bats
  2 frilled lizards (D:2)
  10 kobolds
  2 quokka skeletons (D:4)
  3 rats
76 creatures vanquished.

Notes
Turn   | Place    | Note
-------+----------+-------------------------------------------
     0 | D:1      | Borgoz the Ghoul Enchanter began the quest for the Orb.
     0 | D:1      | Reached XP level 1. HP: 14/14 MP: 2/2
    24 | D:1      | Reached skill level 1 in Short Blades
   836 | D:1      | Reached XP level 2. HP: 17/20 MP: 3/3
   934 | D:1      | Found an iron altar of Okawaru.
  1074 | D:2      | Learned a level 2 spell: Ensorcelled Hibernation
  1094 | D:2      | Noticed Jessica
  1127 | D:2      | Killed Jessica
  1127 | D:2      | Reached XP level 3. HP: 26/26 MP: 4/4
  1324 | D:2      | Reached XP level 4. HP: 33/33 MP: 5/5
  1735 | D:2      | Found a snail-covered altar of Cheibriados.
  2284 | D:3      | Reached skill level 4 in Stealth
  2564 | D:3      | Reached XP level 5. HP: 27/38 MP: 6/6
  3111 | D:4      | Noticed a phantom
  3126 | D:3      | Learned a level 3 spell: Confuse
  3268 | D:4      | Reached XP level 6. HP: 31/45 MP: 1/7
  3329 | D:4      | Got an ancient robe
  3346 | D:4      | Identified the cursed +1 robe "Ozxeit" {+Blink MR++ Str+6}
                  | (You found it on level 4 of the Dungeon)
  3451 | D:4      | Found Acovi's Book Shop.
  3987 | D:5      | Entered Level 5 of the Dungeon
  4053 | D:5      | HP: 2/45 [worker ant (1)]
  4054 | D:5      | Slain by a worker ant

Skill      XL: |  1  2  3  4  5 |
---------------+----------------+-----
Short Blades   | 1 2 3 |  3.2
Dodging        | 2 |  2.7
Hexes          | 3 |  3.8
Stealth        | 4 |  4.5
Armour         | |  0.2
Spellcasting   | |  1.8
Evocations     | |  0.4

Action                   |  1- 3 |  4- 6 || total
-------------------------+-------+-------++-------
Melee: Dagger            |    43 |       ||    43
       Rapier            |    20 |   235 ||   255
 Cast: Ensorcelled Hiber |       |    12 ||    12
       Confuse           |       |     4 ||     4
  Use: Potion            |     2 |     9 ||    11
       Scroll            |       |     3 ||     3
 Stab: Sleeping          |     5 |    16 ||    21
  Eat: Chunk             |     4 |    11 ||    15
Armor: Robe              |     6 |    55 ||    61
Dodge: Dodged            |    27 |   174 ||   201
